 Dungeon Sprint DCSS version 0.29-a0-369-gd956c00756 (webtiles) character file.

Game seed: 11905821564818787948

75705 mhtbhm the Axe Maniac (level 14, 0/168 HPs)
             Began as a Minotaur Berserker on May 1, 2022.
             Was the Champion of Trog.
             Killed from afar by a deep elf annihilator (39 damage)
             ... with a crystal spear
             ... in the Dungeon (Sprint III: "The Ten Rune Challenge").
             The game lasted 00:20:43 (5174 turns).

mhtbhm the Axe Maniac (Minotaur Berserker)          Turns: 5174, Time: 00:20:43

Health: 0/168      AC: 22    Str: 26    XL:     14   Next: 65%
Magic:  1/13       EV: 22    Int:  5    God:    Trog [******]
Gold:   660        SH:  0    Dex: 11    Spells: 13/13 levels left

rFire   + . .      SeeInvis +   a - +5 executioner's axe (protect)
rCold   + . .      Faith    .   (shield currently unavailable)
rNeg    + + +      Spirit   .   d - +3 troll leather armour {Snorg}
rPois   +          Reflect  .   (helmet restricted)
rElec   +          Harm     .   x - +2 cloak {Will+}
rCorr   .          Rampage  .   (no gloves)
Will    ++...      NoTele   +   y - +1 pair of boots of Calculation {Fly rElec rC+}
Stlth   ++++++....              F - amulet of the acrobat
HPRegen 1.18/turn               r - ring of Tuetoar {rF+ rN++ EV+4 Int-3}
MPRegen 0.13/turn               s - ring "Cauwaf" {Wiz Drain rPois rN+ Int+4}

@: under a protective aura, on berserk cooldown, flying, slowed, very slow
A: horns 2, retaliatory headbutt, hooves 1, see invisible, subdued magic 1
}: 1/10 runes: golden
a: Renounce Religion, Berserk, Trog's Hand, Brothers in Arms


You were in the Dungeon.
You worshipped Trog.
Trog was exalted by your worship.
You visited 1 branch You collected 3456 gold pieces.
You spent 2796 gold pieces at shops.

Inventory:

Hand Weapons
 a - a +5 executioner's axe of protection (weapon)
 H - the +5 executioner's axe of Revolt {antimagic, rC+ Will+}
   (Trog gifted it to you in the Dungeon)

   It reduces the magical energy of the wielder, and disrupts the spells and
   magical abilities of those it strikes.
   Natural abilities and divine invocations are not affected.
   rC:        It protects you from cold.
   Will:      It increases your willpower.
Missiles
 h - 7 curare-tipped darts (quivered)
Armour
 b - a +1 scale mail of fire resistance
 d - a +3 troll leather armour (worn) {Snorg}
 w - a +2 buckler of fire resistance
 x - a +2 cloak of willpower (worn)
 y - the +1 pair of boots of Calculation (worn) {Fly rElec rC+}
   (You bought it in a shop in the Dungeon)

   rC:        It protects you from cold.
   rElec:     It insulates you from electricity.
   Fly:       It grants you flight.
 A - the +4 plate armour "Festroadu" {+Inv rF- Str+4}
   (You found it in the Dungeon)

   Str:       It affects your strength (+4).
   rF:        It makes you vulnerable to fire.
   +Inv:      It lets you turn invisible.
Jewellery
 r - the ring of Tuetoar (left hand) {rF+ rN++ EV+4 Int-3}
   (You bought it in a shop in the Dungeon)

   [ring of evasion]

   EV:        It affects your evasion (+4).
   Int:       It affects your intelligence (-3).
   rF:        It protects you from fire.
   rN:        It greatly protects you from negative energy.
 s - the ring "Cauwaf" (right hand) {Wiz Drain rPois rN+ Int+4}
   (You bought it in a shop in the Dungeon)

   [ring of wizardry]

   It improves your spell success rate.
   Int:       It affects your intelligence (+4).
   rPois:     It protects you from poison.
   rN:        It protects you from negative energy.
   Drain:     It drains your maximum health when unequipped.
 v - the ring "Fohul" {*Slow EV+4 Str+5}
   (You found it in the Dungeon)

   [ring of evasion]

   EV:        It affects your evasion (+4).
   Str:       It affects your strength (+5).
   *Slow:     It may slow you when you take damage.
 B - the ring "Zipyh" {rC+ Will- Str+3 Dex+6}
   (You found it in the Dungeon)

   [ring of protection from cold]

   Str:       It affects your strength (+3).
   Dex:       It affects your dexterity (+6).
   rC:        It protects you from cold.
   Will:      It decreases your willpower.
 D - a ring of protection from fire
 E - the ring "Plog" {Drain Int+9 Dex-4 Slay+4 Stlth+}
   (You found it in the Dungeon)

   [ring of slaying]

   Int:       It affects your intelligence (+9).
   Dex:       It affects your dexterity (-4).
   Slay:      It affects your accuracy & damage with ranged weapons and melee
   (+4).
   Drain:     It drains your maximum health when unequipped.
   Stlth:     It makes you more stealthy.
 F - an amulet of the acrobat (around neck)
Wands
 z - a wand of flame (17)
 C - a wand of polymorph (6)
Scrolls
 j - a scroll of immolation
 G - 5 scrolls of acquirement
Potions
 c - 2 potions of curing
 f - 2 potions of magic
 g - a potion of berserk rage
 n - 3 potions of flight
 q - a potion of attraction {unknown}
 I - a potion of resistance {unknown}
Miscellaneous
 k - a box of beasts


   Skills:
 O Level 27 Fighting
 O Level 27 Axes
 + Level 3.7 Throwing
 + Level 13.7 Armour
 + Level 17.8 Dodging
 + Level 16.6 Stealth
 + Level 3.7 Evocations


You had 13 spell levels left.
You didn't know any spells.
Your spell library was empty.

Dungeon Overview and Level Annotations

Branches:
Dungeon (1/1)

Altars:
Cheibriados
Dithmenos
Elyvilon
Fedhas
Gozag
Hepliaklqana
Kikubaaqudgha
Makhleb
Nemelex Xobeh
Okawaru
Qazlal
Ru
Sif Muna
Trog
Uskayaw
Vehumet
Wu Jian
Xom
Yredelemnul
Zin
The Shining One
Beogh
Jiyva
Lugonu

Shops:
D *![![:*(!([=*[?(

Annotations:
D Mennas


Innate Abilities, Weirdness & Mutations

You have a pair of horns on your head.
You reflexively headbutt those who attack you in melee.
You have large cloven feet.
You have supernaturally acute eyesight. (SInv)
Your spells are a little easier to cast, but a little less powerful.


Message History

Your stone giant convulses!
The deep elf demonologist convulses!
The deep elf demonologist closely misses you.
The deep elf demonologist hits your stone giant but does no damage.
Unknown command.
Okay, then.
As you read the scroll of holy word, it crumbles to dust.
You speak a Word of immense power!
The lorocyproca convulses!
The Ice Fiend convulses!
The ice devil convulses!
You kill the ice devil!
The ice devil disappears in a puff of smoke!
The hellion convulses!
You kill the hellion!
The hellion disappears in a puff of smoke!
The balrug convulses!
Your stone giant splashes around in the water.
The lorocyproca misses you. The Ice Fiend misses you. You furiously retaliate!
You headbutt the Ice Fiend!
The Ice Fiend claws you but does no damage.
The deep elf demonologist casts a spell.
Your stone giant splashes around in the water.
The lorocyproca is lost in a daze.
Unknown command.
Unknown command.
Unknown command.
You cut the deep elf demonologist into ribbons!!!
You kill the deep elf demonologist!
Trog accepts your kill.
Trog appreciates your killing of a magic user.
The lorocyproca disappears in a puff of smoke!
The tormentor disappears in a puff of smoke!
You barely miss the Ice Fiend.
The Ice Fiend calls on the powers of darkness!
The deep elf high priest convulses!
Your body is wracked with pain!
* * * LOW HITPOINT WARNING * * *
Your stone giant convulses!
The deep elf high priest says, "Your suffering will cleanse you of your heresy."
The deep elf annihilator gestures at you while chanting.
The crystal spear hits you!!!
You die...

▓▓▓
##.#####################*********
..#..'.#...##....'..../=**,,,,,,,
....##.#...##≈≈≈≈##..##,**,,,,,,,
.....#.#...≈≈≈.§C14e..#,**,,,,,,,
....##)#[..##≈≈≈@##..##,**,,,,,,,
##.∩##.)[..##..§)§ee..:}**,,,,,,,
###.####################**,,,,,,,
#######################***,,,,,,,
'.#.'...'.#.#.#)†...≈≈#,**,,,,,,,
#.#.#.).##.#.#.##...≈≈#**********
#.#.#.).#.#.#.#.#...≈≈≈≈#*,,,,,,,
#...#)..##.#.#.##...≈≈≈≈#*,******
▓▓▓▓▓▓▓▓#.#.#.#.#.......#*,,,,,,,


You could see an Ice Fiend (summoned, dazed, ally target), a deep elf
annihilator, a deep elf demonologist, a deep elf high priest, a chaos spawn
(summoned) and a friendly stone giant (summoned, berserk).

Vanquished Creatures
  2 royal mummies (D)
  Boris (D)
  Sigmund (D)
  A lich (D)
  A deep elf blademaster (D)
  2 sphinxes (D)
  Chuck (D)
  Azrael (D)
  2 deep elf demonologists (D)
  An iron golem (D)
  Snorg (D)
  A deep elf death mage (D)
  9 mummy priests (D)
  A fire dragon (D)
  5 yaktaur captains (D)
  2 hydras (D)
  3 centaur warriors (D)
  4 dancing weapons (D)
  2 titan zombies (D)
  Urug (D)
  A deep elf knight (D)
  4 hell knights (D)
  A skeletal warrior (D)
  A death drake (D)
  An anaconda zombie (D)
  An orange crystal statue (D)
  A spectral iron dragon (D)
  A lindwurm (D)
  3 deep elf pyromancers (D)
  2 deep elf zephyrmancers (D)
  4 crystal guardians (D)
  5 ugly things (D)
  An orc sorcerer (D)
  2 oklob plants (D)
  A stone giant skeleton (D)
  4 statues (D)
  Edmund (D)
  2 cane toads (D)
  A komodo dragon (D)
  A rime drake (D)
  An unseen horror (D)
  A troll (shapeshifter) (D)
  11 guardian mummies (D)
  A queen bee (D)
  4 spriggan defenders (D)
  3 slime creatures (D)
  2 tyrant leeches (D)
  2 orc high priests (D)
  A shadow (D)
  A spatial vortex (D)
  3 redbacks (D)
  A swamp worm (shapeshifter) (D)
  2 centaurs (D)
  An earth elemental (D)
  A necrophage (D)
  A water elemental (D)
  A scorpion (D)
  32 killer bees (D)
  An electric eel (D)
  3 wandering mushrooms (D)
  A jelly (D)
  3 orc priests (D)
  A wizard (D)
  Jessica (D)
  An orc wizard (D)
  2 necromancers (D)
  3 humans (D)
  A kobold demonologist (D)
  6 orcs (D)
  An endoplasm (D)
  2 rats (D)
  4 bushes (D)
  4 plants (D)
183 creatures vanquished.

Vanquished Creatures (collateral kills)
  A mummy priest (D)
  2 orc high priests (D)
  A titan zombie (D)
  A spectral iron dragon (D)
  An orc knight (D)
  An orc sorcerer (D)
  A swamp drake (D)
  An orc warrior (D)
  An orc priest (D)
  3 orcs (D)
13 creatures vanquished.

Vanquished Creatures (others)
  3 bushes (D)
  8 plants (D)
11 creatures vanquished.

Grand Total: 207 creatures vanquished

Notes
Turn   | Place    | Note
-------+----------+-------------------------------------------
     0 | D        | mhtbhm the Minotaur Berserker began the quest for the Orb.
     0 | D        | Reached XP level 1. HP: 19/19 MP: 0/0
   112 | D        | Noticed Jessica
   117 | D        | Killed Jessica
   117 | D        | Reached ** piety under Trog
   118 | D        | Reached skill level 5 in Fighting
   118 | D        | Reached XP level 2. HP: 29/29 MP: 1/1
   119 | D        | Reached XP level 3. HP: 36/36 MP: 2/2
   211 | D        | Noticed a scorpion
   218 | D        | Killed a scorpion
   219 | D        | Reached XP level 4. HP: 45/45 MP: 3/3
   269 | D        | Gained mutation: You are weak. (Str -2) [potion of
                  | mutation]
   269 | D        | Gained mutation: You passively map a small area around you.
                  | [potion of mutation]
   272 | D        | Lost mutation: You passively map a small area around you.
                  | [potion of mutation]
   272 | D        | Lost mutation: You are weak. (Str -2) [potion of mutation]
   272 | D        | Gained mutation: You are partially covered in iridescent
                  | scales. (AC +2) [potion of mutation]
   273 | D        | Lost mutation: You are partially covered in iridescent
                  | scales. (AC +2) [potion of mutation]
   273 | D        | Gained mutation: You have sharp fingernails. [potion of
                  | mutation]
   273 | D        | Gained mutation: Your flesh is heat resistant. (rF+)
                  | [potion of mutation]
   273 | D        | Gained mutation: Your body sometimes deteriorates upon
                  | taking damage. [potion of mutation]
   274 | D        | Lost mutation: Your flesh is heat resistant. (rF+) [potion
                  | of mutation]
   274 | D        | Lost mutation: You have sharp fingernails. [potion of
                  | mutation]
   274 | D        | Gained mutation: You have large cloven feet. [potion of
                  | mutation]
   274 | D        | Gained mutation: Your spells are a little easier to cast,
                  | but a little less powerful. [potion of mutation]
   274 | D        | Lost mutation: Your body sometimes deteriorates upon taking
                  | damage. [potion of mutation]
   274 | D        | Gained mutation: You have supernaturally acute eyesight.
                  | (SInv) [potion of mutation]
   292 | D        | Noticed a water elemental
   296 | D        | Killed a water elemental
   296 | D        | Reached *** piety under Trog
   297 | D        | Reached XP level 5. HP: 53/53 MP: 4/4
   340 | D        | Found a basalt altar of Yredelemnul.
   340 | D        | Found a shadowy altar of Dithmenos.
   340 | D        | Found a sacrificial altar of Ru.
   346 | D        | Reached skill level 1 in Stealth
   349 | D        | Reached skill level 10 in Axes
   400 | D        | Found a hide-covered altar of Uskayaw.
   400 | D        | Found an iron altar of Okawaru.
   400 | D        | Found a bloodstained altar of Trog.
   400 | D        | Found an ornate altar of the Wu Jian Council.
   400 | D        | Noticed a human
   401 | D        | Noticed a human
   405 | D        | Killed a human
   406 | D        | Reached skill level 5 in Armour
   406 | D        | Reached skill level 5 in Dodging
   406 | D        | Reached XP level 6. HP: 66/66 MP: 5/5
   408 | D        | Killed a human
   408 | D        | Reached **** piety under Trog
   409 | D        | Reached skill level 10 in Fighting
   473 | D        | Found a glowing silver altar of Zin.
   473 | D        | Found a glowing golden altar of the Shining One.
   473 | D        | Found a white marble altar of Elyvilon.
   474 | D        | Noticed a deep elf pyromancer
   480 | D        | Killed a deep elf pyromancer
   481 | D        | Reached XP level 7. HP: 75/75 MP: 6/6
   521 | D        | Found a radiant altar of Vehumet.
   521 | D        | Found a shimmering blue altar of Sif Muna.
   521 | D        | Found an ancient bone altar of Kikubaaqudgha.
   524 | D        | Reached ***** piety under Trog
   552 | D        | Noticed a shadow
   560 | D        | Killed a shadow
   561 | D        | Reached skill level 15 in Axes
   561 | D        | Reached XP level 8. HP: 57/83 MP: 7/7
   673 | D        | Found a blossoming altar of Fedhas.
   673 | D        | Found a stormy altar of Qazlal.
   673 | D        | Found a snail-covered altar of Cheibriados.
   673 | D        | Found a burning altar of Makhleb.
   673 | D        | Found a shimmering altar of Xom.
   674 | D        | Found a hazy altar of Hepliaklqana.
   674 | D        | Found an opulent altar of Gozag.
   674 | D        | Found a sparkling altar of Nemelex Xobeh.
   674 | D        | Found a corrupted altar of Lugonu.
   674 | D        | Found a viscous altar of Jiyva.
   731 | D        | Noticed Snorg
   776 | D        | Killed Snorg
   776 | D        | Received a gift from Trog
   867 | D        | Reached XP level 9. HP: 93/93 MP: 8/8
   974 | D        | Noticed a centaur warrior
   984 | D        | Killed a centaur warrior
   985 | D        | Reached skill level 5 in Stealth
  1042 | D        | Noticed an unseen horror
  1050 | D        | Killed an unseen horror
  1067 | D        | Noticed a wandering mushroom
  1071 | D        | Noticed a wandering mushroom
  1073 | D        | Noticed a wandering mushroom
  1182 | D        | Killed a wandering mushroom
  1248 | D        | Noticed an orc sorcerer
  1250 | D        | Noticed an orc sorcerer
  1250 | D        | Noticed an orc high priest
  1252 | D        | Reached ****** piety under Trog
  1252 | D        | Received a gift from Trog
  1255 | D        | Noticed an orc knight
  1256 | D        | Killed an orc sorcerer
  1257 | D        | Noticed a smoke demon
  1257 | D        | Noticed an orc high priest
  1259 | D        | Noticed a soul eater
  1260 | D        | Noticed a rust devil
  1267 | D        | Noticed a sun demon
  1269 | D        | Killed an orc sorcerer
  1269 | D        | Received a gift from Trog
  1270 | D        | Reached XP level 10. HP: 48/104 MP: 9/9
  1270 | D        | Killed an orc high priest
  1271 | D        | Reached skill level 15 in Fighting
  1271 | D        | Reached skill level 10 in Armour
  1273 | D        | Killed an orc knight
  1280 | D        | HP: 1/102 [soul eater[an orc high priest] (12)]
  1282 | D        | Killed an orc high priest
  1283 | D        | Reached skill level 1 in Evocations
  1318 | D        | Found Vuithrics's Assorted Antiques.
  1536 | D        | Bought a clouded graven amulet for 120 gold pieces
  1536 | D        | Identified the amulet "Peijuf" {*Corrode Fly Regen+ Int-5
                  | Dex+6} (You bought it in a shop in the Dungeon)
  1544 | D        | Noticed a deep elf zephyrmancer
  1544 | D        | Noticed a deep elf pyromancer
  1544 | D        | Noticed a deep elf pyromancer
  1544 | D        | Noticed a deep elf knight
  1544 | D        | Noticed a deep elf zephyrmancer
  1554 | D        | Killed a deep elf zephyrmancer
  1554 | D        | Received a gift from Trog
  1557 | D        | Killed a deep elf pyromancer
  1559 | D        | Killed a deep elf zephyrmancer
  1576 | D        | Killed a deep elf knight
  1577 | D        | Reached XP level 11. HP: 52/116 MP: 10/10
  1743 | D        | Identified a ring "Zagheok" {Will+ Str-4 Int+4 Dex+6}
  1743 | D        | Noticed a deep elf demonologist
  1818 | D        | Received a gift from Trog
  1916 | D        | Reached skill level 10 in Dodging
  1919 | D        | Noticed a lindwurm
  1922 | D        | Killed a lindwurm
  1922 | D        | Received a gift from Trog
  1932 | D        | Noticed Urug
  1936 | D        | Killed Urug
  1956 | D        | Noticed an eight-headed hydra
  1956 | D        | Noticed a five-headed hydra
  1966 | D        | Killed a five-headed hydra
  1971 | D        | Killed a two-headed hydra
  2045 | D        | Identified the +5 executioner's axe of Revolt {antimagic,
                  | rC+ Will+} (Trog gifted it to you in the Dungeon)
  2045 | D        | Received a gift from Trog
  2058 | D        | Noticed a death drake
  2064 | D        | Killed a death drake
  2183 | D        | Noticed Sigmund
  2183 | D        | Noticed Edmund
  2193 | D        | Killed Sigmund
  2194 | D        | Reached skill level 1 in Throwing
  2194 | D        | Reached skill level 10 in Stealth
  2194 | D        | Killed Edmund
  2240 | D        | Received a gift from Trog
  2311 | D        | Noticed an orange crystal statue
  2322 | D        | Killed an orange crystal statue
  2323 | D        | Reached XP level 12. HP: 132/132 MP: 3/11
  2331 | D        | Found Pephaban's Antique Weapon Emporium.
  2331 | D        | Found Iclar's Jewellery Shop.
  2331 | D        | Found Fuqiub's Weapon Shoppe.
  2331 | D        | Found Eraos's Distillery.
  2331 | D        | Found Gecw's Antique Armour Emporium.
  2331 | D        | Found Nokifo Baus's Magic Scroll Shop.
  2331 | D        | Found Titzys Voka's Armour Emporium.
  2331 | D        | Found Ixionn's General Store.
  2332 | D        | Found Zeiha's Weapon Shoppe.
  2332 | D        | Found Jiaroty's General Store.
  2332 | D        | Found Giwuepah's Book Emporium.
  2382 | D        | Bought a potion of curing for 39 gold pieces
  2384 | D        | Bought the ring of Tuetoar {rF+ rN++ EV+4 Int-3} for 596
                  | gold pieces
  2385 | D        | Bought the ring "Cauwaf" {Wiz Drain rPois rN+ Int+4} for
                  | 530 gold pieces
  2388 | D        | Bought a scroll of holy word for 75 gold pieces
  2388 | D        | Bought a scroll of holy word for 75 gold pieces
  2388 | D        | Bought a scroll of holy word for 75 gold pieces
  2388 | D        | Bought a scroll of holy word for 75 gold pieces
  2388 | D        | Bought a scroll of blinking for 75 gold pieces
  2388 | D        | Bought a scroll of magic mapping for 35 gold pieces
  2394 | D        | Bought a potion of haste for 110 gold pieces
  2397 | D        | Bought a shiny buckler for 180 gold pieces
  2397 | D        | Bought a runed cloak for 180 gold pieces
  2478 | D        | Paralysed by an air elemental for 1 turns
  2484 | D        | Received a gift from Trog
  2485 | D        | Paralysed by an air elemental for 1 turns
  2564 | D        | Noticed Mennas
  2566 | D        | Noticed Boris
  2589 | D        | Killed Boris
  2594 | D        | Received a gift from Trog
  2858 | D        | Found Aseov's Distillery.
  2858 | D        | Found Baosy's Distillery.
  2858 | D        | Found Tiung's Armour Shop.
  2858 | D        | Found Looligec's Armour Shoppe.
  2862 | D        | Received a gift from Trog
  2866 | D        | Bought a potion of heal wounds for 60 gold pieces
  2866 | D        | Bought a potion of heal wounds for 60 gold pieces
  2867 | D        | Bought a potion of heal wounds for 55 gold pieces
  2868 | D        | Bought the +1 pair of boots of Calculation {Fly rElec rC+}
                  | for 456 gold pieces
  2997 | D        | Noticed a centaur warrior
  3003 | D        | Killed a centaur warrior
  3004 | D        | Reached XP level 13. HP: 139/145 MP: 4/12
  3025 | D        | Noticed a fire dragon
  3029 | D        | Killed a fire dragon
  3041 | D        | Identified the +4 plate armour "Festroadu" {+Inv rF- Str+4}
  3109 | D        | Identified the ring "Zipyh" {rC+ Will- Str+3 Dex+6}
  3139 | D        | Received a gift from Trog
  3216 | D        | Noticed Chuck
  3326 | D        | Killed Chuck
  3399 | D        | Noticed an iron golem
  3413 | D        | Killed an iron golem
  3494 | D        | Received a gift from Trog
  3648 | D        | Noticed a lich
  3655 | D        | Killed a lich
  3656 | D        | Reached skill level 27 in Axes
  3656 | D        | Identified the ring "Plog" {Drain Int+9 Dex-4 Slay+4
                  | Stlth+}
  3686 | D        | Noticed a mummy priest
  3687 | D        | Noticed a sphinx
  3687 | D        | Noticed a sphinx
  3696 | D        | Killed a sphinx
  3696 | D        | Received a gift from Trog
  3697 | D        | Killed a mummy priest
  3698 | D        | Killed a sphinx
  3748 | D        | Noticed a mummy priest
  3757 | D        | Killed a mummy priest
  3757 | D        | Received a gift from Trog
  3770 | D        | Noticed a mummy priest
  3775 | D        | Noticed a mummy priest
  3776 | D        | Noticed a mummy priest
  3778 | D        | Noticed a jiangshi
  3782 | D        | Killed a mummy priest
  3783 | D        | Noticed a jiangshi
  3788 | D        | Killed a mummy priest
  3796 | D        | Noticed a jiangshi
  3797 | D        | Killed a mummy priest
  3920 | D        | Noticed a mummy priest
  3925 | D        | Killed a mummy priest
  3953 | D        | Noticed a mummy priest
  3953 | D        | Noticed a mummy priest
  3954 | D        | Noticed a royal mummy
  3954 | D        | Noticed a mummy priest
  3954 | D        | Noticed a royal mummy
  3954 | D        | Noticed a mummy priest
  3955 | D        | Received a gift from Trog
  3956 | D        | Killed a mummy priest
  3956 | D        | Received a gift from Trog
  3957 | D        | Reached XP level 14. HP: 64/162 MP: 4/13
  4072 | D        | Noticed an emperor scorpion
  4078 | D        | Noticed an emperor scorpion
  4078 | D        | Noticed an emperor scorpion
  4078 | D        | Noticed an emperor scorpion
  4078 | D        | Noticed an emperor scorpion
  4081 | D        | Killed a royal mummy
  4083 | D        | Noticed an emperor scorpion
  4083 | D        | Noticed an emperor scorpion
  4088 | D        | Killed a royal mummy
  4089 | D        | Reached skill level 15 in Stealth
  4111 | D        | Received a gift from Trog
  4160 | D        | Reached skill level 27 in Fighting
  4181 | D        | Got a golden rune of Zot
  4183 | D        | Identified the ring "Fohul" {*Slow EV+4 Str+5}
  4198 | D        | Acquired 393 gold pieces
  4329 | D        | Reached skill level 15 in Dodging
  4690 | D        | Noticed Azrael
  4692 | D        | Killed Azrael
  4779 | D        | Received a gift from Trog
  4800 | D        | Received a gift from Trog
  4820 | D        | Received a gift from Trog
  4912 | D        | Noticed a deep elf blademaster
  4925 | D        | Noticed a Brimstone Fiend
  5156 | D        | Noticed an Ice Fiend
  5161 | D        | Noticed a balrug
  5161 | D        | Killed a deep elf blademaster
  5161 | D        | Received a gift from Trog
  5174 | D        | Killed from afar by a deep elf annihilator

Illustrated notes

Levels and vault maps discovered:
D:        dungeon_sprint_mu [sprint_mu_entry_forest, sprint_mu_temple_rooms,
          sprint_mu_d1_horrors, sprint_mu_d2_genie, sprint_mu_d3_branching,
          sprint_mu_orc_legion, sprint_mu_elf_gauntlet, sprint_mu_hive_nellie,
          sprint_mu_lair_fedhas, sprint_mu_vaults_butterflies,
          sprint_mu_slime_circle, sprint_mu_swamp_cave, sprint_mu_shoals_kraken,
          sprint_mu_blade_basic, sprint_mu_crypt_fortress,
          sprint_mu_tomb_spiral, sprint_mu_vestibule_basic,
          sprint_mu_gehenna_hellfire, sprint_mu_dis_giant,
          sprint_mu_tartarus_statrot, sprint_mu_cocytus_islands, sprint_mu_zot1]

Skill      XL: |  1  2  3  4  5  6  7  8  9 10 11 12 13 14 |
---------------+-------------------------------------------+-----
Fighting       | 5 6 7 9 11 12 13 14 16 19 21 25 27 | 27.0
Axes           | 6 7 9 12 14 15 16 18 20 22 25 27 | 27.0
Armour         | 3 4 5 6 8 9 11 12 13 | 13.7
Dodging        | 3 4 5 6 8 9 11 12 14 17 | 17.8
Stealth        | 2 3 4 6 7 10 11 14 16 | 16.6
Evocations     | 1 3 |  3.7
Throwing       | 2 3 |  3.7

Action                   |  1- 3 |  4- 6 |  7- 9 | 10-12 | 13-15 || total
-------------------------+-------+-------+-------+-------+-------++-------
Melee: Hand axe          |    11 |    22 |    28 |       |       ||    61
       Headbutt          |     1 |     4 |    12 |    40 |    52 ||   109
       Kick              |       |     2 |    21 |    43 |       ||    66
       Punch             |       |       |     1 |     1 |       ||     2
       Broad axe         |       |       |    38 |    29 |       ||    67
       Battleaxe         |       |       |       |    29 |       ||    29
       Executioner's axe |       |       |       |   116 |   246 ||   362
Throw: Javelin           |       |       |       |     4 |     6 ||    10
Invok: Berserk           |     2 |     4 |     2 |    10 |     5 ||    23
       Brothers in Arms  |       |       |     1 |     1 |     3 ||     5
Evoke: Box of beasts     |       |       |     2 |     2 |     2 ||     6
  Use: Potion            |       |     4 |     1 |     2 |     4 ||    11
       Scroll            |       |       |       |     2 |    14 ||    16
 Stab: Sleeping          |       |       |     2 |    14 |    11 ||    27
       Distracted        |       |       |       |       |     1 ||     1
Armor: Ring mail         |       |       |     5 |       |       ||     5
       Troll leather arm |       |       |    10 |    22 |    47 ||    79
Dodge: Dodged            |     5 |    10 |    41 |    75 |   212 ||   343

Table legend: (Time is in decaauts)
 A = Elapsed time spent in this place.
 B = Non-inter-level travel time spent in this place.
 C = Inter-level travel time spent in this place.
 D = Time resting spent in this place.
 E = Time spent auto-exploring this place.
 F = Levels seen in this place.
 G = Mean time per level.
                   A        B        C        D        E       F      G
               +--------+--------+--------+--------+--------+-----+--------+
         Total |   5273 |   5273 |      0 |   2744 |      0 |   1 | 5273.0 |
       Dungeon |   5273 |   5273 |      0 |   2744 |      0 |   1 | 5273.0 |
               +--------+--------+--------+--------+--------+-----+--------+

Top non-repeatable levels by time:
       D: 5273 daAuts
